 Dungeon Crawl Stone Soup version 0.29-a0-371-g91724d5b39 (webtiles) character file.

Game seed: 5593832154473927505

88 sammy202020 the Skirmisher (level 4, -2/37 HPs)
             Began as a Demonspawn Berserker on May 2, 2022.
             Was a Believer of Trog.
             Slain by a sky beast (3 damage)
             ... on level 3 of the Dungeon.
             The game lasted 00:03:49 (3457 turns).

sammy202020 the Skirmisher (Demonspawn Berserker)   Turns: 3457, Time: 00:03:50

Health: -2/37      AC:  5    Str: 17    XL:     4   Next: 29%
Magic:  4/4        EV: 12    Int: 13    God:    Trog [**....]
Gold:   256        SH:  4    Dex: 13    Spells: 3/3 levels left

rFire   + . .      SeeInvis .   a - +0 hand axe
rCold   . . .      Faith    .   (no shield)
rNeg    . . .      Spirit   .   j - +1 leather armour "Hopowago" {rF+ Int+3}
rPois   .          Reflect  .   r - +0 helmet
rElec   .          Harm     .   (no cloak)
rCorr   .          Rampage  .   (no gloves)
Will    .....                   (no boots)
Stlth   +.........              (no amulet)
HPRegen 0.12/turn               (no ring)
MPRegen 0.09/turn               (no ring)

@: no status effects
A: condensation shield, wild magic 1, sturdy frame 1
a: Renounce Religion, Berserk, Trog's Hand


You were on level 3 of the Dungeon.
You worshipped Trog.
Trog was pleased with you.
You visited 1 branch of the dungeon, and saw 3 of its levels.

You collected 256 gold pieces.

Inventory:

Hand Weapons
 a - a +0 hand axe (weapon)
 m - a +0 flail
Missiles
 b - 7 boomerangs (quivered)
Armour
 i - a +0 leather armour
 j - the +1 leather armour "Hopowago" (worn) {rF+ Int+3}
   (You found it on level 2 of the Dungeon)

   Int:       It affects your intelligence (+3).
   rF:        It protects you from fire.
 p - a +0 ring mail
 r - a +0 helmet (worn)
Scrolls
 c - 2 scrolls of identify
 o - a scroll of teleportation {unknown}
 q - a scroll of magic mapping {unknown}
Potions
 d - a potion of curing
 e - 2 potions of mutation
 f - a potion of cancellation {unknown}
 g - a potion of invisibility {unknown}
 h - a potion of magic {unknown}
 k - a potion of might {unknown}
 l - a potion of resistance {unknown}
 n - a potion of heal wounds {unknown}


   Skills:
 * Level 3.9 Fighting
 * Level 3.4 Axes
 + Level 2.2 Armour
 + Level 2.3 Dodging


You had 3 spell levels left.
You didn't know any spells.
Your spell library was empty.

Dungeon Overview and Level Annotations

Branches:
Dungeon (3/15)

Altars:
Hepliaklqana
Makhleb


Innate Abilities, Weirdness & Mutations

A meltable shield of frost defends you. (SH +4)
Your spells are a little harder to cast, but a little more powerful.
Your movements are slightly less encumbered by armour. (ER -2)


Message History

A sky beast is nearby!
You see here a +0 rapier.
The sky beast flickers out of sight!
Deactivating autopickup; reactivate with Ctrl-A.
Something hits you. Something shocks you.
No target in view!
No target in view!
No target in view!
No target in view!
No target in view!
No target in view!
No target in view!
No target in view!
No target in view!
No target in view!
No target in view!
No target in view!
No target in view!
No target in view!
No target in view!
No target in view!
No target in view!
No target in view!
No target in view!
There is a strange disturbance nearby!
You closely miss something. Something hits you. Something shocks you.
You barely miss something. Something hits you but does no damage.
You closely miss something. Something hits you but does no damage.
You closely miss something. Something barely misses you.
You closely miss something. Something hits you. Something shocks you.
You hit something. Your punch misses something. Something hits you.
Something shocks you.
* * * LOW HITPOINT WARNING * * *
You barely miss something. Something hits you.
* * * LOW HITPOINT WARNING * * *
Something shocks you.
* * * LOW HITPOINT WARNING * * *
You miss something. Your punch misses something.
Something hits you but does no damage. Something hits you.
You die...

........# #.....#.# #
##............########
## #..####.####.#
##...###. #.. ##.#
#.###.....##. ..#
#.##.....†.#. ... ..
#.......'. #.#
#.......#. #{#
##.....##. #@#
##...###. #.# ##### #.
#)#### ##...###.
#....# ##.....##.
####.# #.......#. #
####### #.# #..))...'.
# #.....# #.#
#.......#. # #####.#
#.# ##.....##. #
##.#.# #.# ##...###.


There were no monsters in sight!

Vanquished Creatures
  Robin (D:3)
  A dart slug (D:3)
  2 orcs (D:3)
  6 endoplasms
  3 giant cockroaches
  10 goblins
  12 hobgoblins
  3 jackals (D:1)
  7 ball pythons
  5 bats
  5 frilled lizards
  5 kobolds
  5 rats
65 creatures vanquished.

Vanquished Creatures (others)
  4 toadstools (D:1)
4 creatures vanquished.

Grand Total: 69 creatures vanquished

Notes
Turn   | Place    | Note
-------+----------+-------------------------------------------
     0 | D:1      | sammy202020 the Demonspawn Berserker began the quest for
                  | the Orb.
     0 | D:1      | Reached XP level 1. HP: 18/18 MP: 1/1
   222 | D:1      | Gained mutation: A meltable shield of frost defends you.
                  | (SH +4) [demonic ancestry]
   222 | D:1      | Reached XP level 2. HP: 20/24 MP: 2/2
   512 | D:1      | Found a faded altar of an unknown god.
   512 | D:1      | Noticed a crimson imp
   828 | D:1      | Reached ** piety under Trog
  1074 | D:1      | Reached XP level 3. HP: 22/29 MP: 3/3
  1393 | D:2      | Found a hazy altar of Hepliaklqana.
  1416 | D:2      | Gained mutation: Your movements are slightly less
                  | encumbered by armour. (ER -2) [potion of mutation]
  1416 | D:2      | Gained mutation: Your spells are a little harder to cast,
                  | but a little more powerful. [potion of mutation]
  2122 | D:2      | Identified the +1 leather armour "Hopowago" {rF+ Int+3}
  2560 | D:3      | Found a burning altar of Makhleb.
  3177 | D:3      | Noticed Robin
  3185 | D:3      | Reached XP level 4. HP: 37/37 MP: 4/4
  3190 | D:3      | Killed Robin
  3446 | D:3      | Noticed a sky beast
  3456 | D:3      | HP: 1/37 [something (6)]
  3457 | D:3      | Slain by a sky beast

Illustrated notes

Levels and vault maps discovered:
D:1:      ldierk_walled_garden_2, layout_loops_ring,
          dreamdust_ecumenical_altar_sealed_demon
D:2:      layout_loops_corners, basic_altar, minmay_pentomino_t4
D:3:      kennysheep_six_static_rooms, layout_loops_ring, bloody_makhleb,
          gup_sewer_entry_bubbles, uniq_robin

Skill      XL: |  1  2 |
---------------+-------+-----
Armour         | 2 |  2.2
Axes           | 3 |  3.4
Dodging        | 2 |  2.3
Fighting       | |  3.9

Action                   |  1- 3 |  4- 6 || total
-------------------------+-------+-------++-------
Melee: Hand axe          |   172 |    23 ||   195
       Punch             |     3 |     1 ||     4
Invok: Berserk           |     2 |       ||     2
       Trog's Hand       |     1 |       ||     1
  Use: Scroll            |     2 |       ||     2
       Potion            |     1 |       ||     1
 Stab: Sleeping          |     2 |       ||     2
       Distracted        |       |     1 ||     1
Armor: Animal skin       |    15 |       ||    15
       Leather armour    |    22 |     4 ||    26
Dodge: Dodged            |   132 |     7 ||   139
Block: Other             |    35 |     3 ||    38

Table legend: (Time is in decaauts)
 A = Elapsed time spent in this place.
 B = Non-inter-level travel time spent in this place.
 C = Inter-level travel time spent in this place.
 D = Time resting spent in this place.
 E = Time spent auto-exploring this place.
 F = Levels seen in this place.
 G = Mean time per level.
                   A        B        C        D        E       F      G
               +--------+--------+--------+--------+--------+-----+--------+
         Total |   3506 |   3442 |     64 |     57 |   2865 |   3 | 1168.7 |
       Dungeon |   3506 |   3442 |     64 |     57 |   2865 |   3 | 1168.7 |
               +--------+--------+--------+--------+--------+-----+--------+

Top non-repeatable levels by time:
     D:1: 1421 daAuts
     D:3: 1169 daAuts
     D:2: 915 daAuts
